 Dungeon Crawl Stone Soup version 0.15-a0-1293-g4a08026 (webtiles) character file.

113 Quh the Grave Robber (level 4, -3/30 HPs)
             Began as a Demonspawn Necromancer on June 6, 2014.
             Killed by divine providence
             ... invoked by an orc priest
              (13 damage)
             ... on Level 3 of the Dungeon.
             The game lasted 00:15:15 (3150 turns).

Quh the Grave Robber (Demonspawn Necromancer)       Turns: 3150, Time: 00:15:15

HP  -3/30        AC  3     Str  8      XL: 4   Next: 65%
MP   3/8         EV 12     Int 17      God:
Gold 115         SH  0     Dex 14      Spells:  4 memorised,  0 levels left

rFire  . . .     SeeInvis .     E - +1 dagger (venom)
rCold  . . .     Clarity  .     v - +0 robe
rNeg   . . .     rCorr    .     (no shield)
rPois  .         rRot     .     (no helmet)
rElec  .         Spirit   .     y - +0 cloak
SustAb .         Warding  .     (no gloves)
rMut   .         Stasis   .     (no boots)
Gourm  .                        (no amulet)
MR     .....                    (no ring)
                                (no ring)

@: very slightly contaminated, not resistant to hostile enchantments, unstealthy
A: hooves 1, powered by pain 1
a: no special abilities


You were on level 3 of the Dungeon.
You were not hungry.

You visited 1 branch of the dungeon, and saw 3 of its levels.

You collected 115 gold pieces.

Inventory:

Hand weapons
 a - a +1,+2 short sword
 k - a +0,+0 dagger
 q - a +0,+0 short sword
 u - a +0,-2 sling
 C - a +0,+0 short sword
 E - a +1,+1 dagger of venom (weapon)
Missiles
 d - 50 stones (quivered)
 e - 8 poisoned arrows
 g - 4 javelins
 x - 38 arrows
Armour
 m - a +0 robe
 s - a +0 leather armour
 v - a +0 robe (worn)
 y - a +0 cloak (worn)
Magical devices
 n - a wand of digging (10) {unknown}
Comestibles
 c - 2 bread rations
 i - a fruit
 w - a slice of pizza
 B - a meat ration
 G - a rotting chunk of bat flesh
Scrolls
 p - a scroll of teleportation {unknown}
 r - 2 scrolls of identify {unknown}
 t - a scroll of enchant weapon II {unknown}
 D - a scroll of immolation {unknown}
 H - a scroll of fear {unknown}
 I - a scroll of remove curse {unknown}
Jewellery
 j - an uncursed amulet of stasis {unknown}
 A - an uncursed ring of teleport control {unknown}
 F - an uncursed ring of stealth {unknown}
Potions
 f - 2 potions of haste
 l - a potion of agility
 o - a potion of heal wounds {unknown}
 z - a potion of curing
Books
 b - a book of Necromancy

   Spells                             Type                      Level
   *Pain                              Necromancy                   1
   *Animate Skeleton                  Necromancy                   1
   *Vampiric Draining                 Necromancy                   3
   *Regeneration                      Charms/Necromancy            3
   Animate Dead                       Necromancy                   4
   Control Undead                     Necromancy                   4
Miscellaneous
 h - a plain deck of defence


   Skills:
 * Level 0.0 Short Blades
 * Level 1.9 Dodging
 - Level 2.7 Stealth
 + Level 2.7 Spellcasting
 * Level 5.6 Necromancy


You couldn't memorise any spells.
You knew the following spells:

 Your Spells              Type           Power        Failure   Level  Hunger
a - Pain                  Necr           ###.         1%          1    #......
b - Animate Skeleton      Necr           N/A          1%          1    #......
c - Vampiric Draining     Necr           ###.......   8%          3    ###....
d - Regeneration          Chrm/Necr      ##........   17%         3    ###....


Dungeon Overview and Level Annotations

Branches:
Dungeon (3/15)

Altars:
Nemelex Xobeh


Innate Abilities, Weirdness & Mutations

You have large cloven feet.
You sometimes gain a little power by taking damage.


Message History

Casting: Animate Skeleton
Confirm with . or Enter, or press ? or * to list all spells.
You miscast Regeneration.
You are very lightly contaminated with residual magic.
Strange energies run through your body.
Your hobgoblin skeleton closely misses the crimson imp.
The crimson imp shouts, "Leave, thou reeling-ripe kobold-kissing Cock-Lorel!"
The crimson imp blinks!
An orc comes into view.
An orc priest comes into view. It is wielding a club.
You see here a bread ration.
The orc priest shouts!
The orc priest glows brightly for a moment. 2 orcs come into view.
The orc moves out of view.
The crimson imp misses you.
An orc comes into view. It is wielding a mace.
The orc shouts! x2
The orc priest mumbles some strange prayers to Beogh against you.
Something smites you!
You die...

#...## ###...####
#....### ###........#
#......####...#%..##...
#...##..##..###..####
######.....##
#.....##.. #....####
#%Z.$....##.# #.##.###
#.5.......... #.##...##
#.((...!###.#
#.####..####@(.(..##
#.# #
#.#####5..##(....## #.#
. #.5......###o.(?o##
#.# .#
##..#########......#
#.####.# ##..<.##
#...(..(####.##...#
#......#
#....(..........#
#......#
##...o.o..(...))(#
##......#
#....o..........(#
#......##
#.#...#.#(......####


You could see an orc priest, a crimson imp, 4 orcs and a friendly hobgoblin
skeleton.

Vanquished Creatures
  Ijyb (D:2)
  4 adders
  A worm (D:2)
  A giant gecko (D:1)
  2 orcs (D:3)
  8 bats
  3 giant cockroaches
  6 goblins
  3 hobgoblins
  4 jackals (D:1)
  9 kobolds
  A ball python (D:1)
  10 rats
53 creatures vanquished.

Vanquished Creatures (collateral kills)
  A giant gecko (D:1)
  A rat (D:2)
2 creatures vanquished.

Vanquished Creatures (others)
  3 bat skeletons
  A ball python skeleton (D:1)
  A jackal skeleton (D:1)
  A kobold skeleton (D:1)
  A rat skeleton (D:1)
7 creatures vanquished.

Grand Total: 62 creatures vanquished

Notes
Turn   | Place    | Note
--------------------------------------------------------------
     0 | D:1      | Quh, the Demonspawn Necromancer, began the quest for the Orb.
     0 | D:1      | Reached XP level 1. HP: 13/13 MP: 3/3
   197 | D:1      | Found a sparkling altar of Nemelex Xobeh.
   318 | D:1      | Gained mutation: You sometimes gain a little power by taking damage. [demonic ancestry]
   318 | D:1      | Reached XP level 2. HP: 8/19 MP: 0/4
   338 | D:1      | Learned a level 1 spell: Animate Skeleton
  1260 | D:1      | Gained mutation: You have large cloven feet. [demonic ancestry]
  1260 | D:1      | Reached XP level 3. HP: 21/24 MP: 2/6
  1660 | D:2      | Reached skill level 5 in Necromancy
  2105 | D:2      | Reached XP level 4. HP: 25/30 MP: 2/8
  2362 | D:2      | Learned a level 3 spell: Vampiric Draining
  2366 | D:2      | Learned a level 3 spell: Regeneration
  2368 | D:2      | Noticed Ijyb
  2385 | D:2      | Killed Ijyb
  3150 | D:3      | Killed from afar by an orc priest

Action                   |  1- 3 |  4- 6 || total
-------------------------+-------+-------++-------
Melee: Unarmed           |    27 |       ||    27
       Short sword       |    26 |    45 ||    71
       Dagger            |       |   166 ||   166
Throw: Stone             |     5 |    18 ||    23
 Cast: Pain              |    56 |    14 ||    70
       Animate Skeleton  |    11 |     4 ||    15
       Regeneration      |       |     7 ||     7
  Use: Scroll            |     2 |       ||     2
       Potion            |       |     2 ||     2
 Stab: Sleeping          |       |     2 ||     2
